General information
- name: BNet
- type: Ladder 1vs1/FFA
- host: Battle.net
- saver: BEAR_AND
map: EchoIsles
- players: 2
- length: 06:12
- speed: Fast
- version: 1.21 W3XP
- replay type:

» download(22 KB)
Players
team 1 (loser)
fearlesss (
pink | 51 APM | 318 actions | 06:10)
1 Paladin
1 Holy Light
» actions
| Assign group hotkey | 1 | |
| Basic commands | 12 | |
| Build / train | 20 | |
| Enter build submenu | 9 | |
| Enter hero's abilities submenu | 1 | |
| Right click | 141 | |
| Select / deselect | 84 | |
| Select group hotkey | 25 | |
| Use ability | 25 | |
318 total
» units
» upgrades
» buildings
| Barracks | 1 | |
| Altar of Kings | 1 | |
| Farm | 5 | |
| Keep | 1 | |
| Arcane Vault | 1 | |
9 total
» build order
00:04 Barracks
00:06 Altar of Kings
00:39 Farm
00:53 Farm
03:38 Keep
03:41 Farm
04:35 Farm
05:26 Arcane Vault
05:55 Farm
team 2 (winner)
BEAR_AND (
orange | 146 APM | 907 actions | 06:12)
2 Death Knight
1 Death Coil
1 Unholy Aura
» actions
| Assign group hotkey | 9 | |
| Basic commands | 17 | |
| Build / train | 19 | |
| Enter build submenu | 8 | |
| Enter hero's abilities submenu | 2 | |
| Right click | 517 | |
| Select / deselect | 123 | |
| Select group hotkey | 199 | |
| Use ability | 13 | |
907 total
» units
» buildings
| Crypt | 1 | |
| Ziggurat | 4 | |
| Altar of Darkness | 1 | |
| Tomb of Relics | 1 | |
| Halls of the Dead | 1 | |
| Graveyard | 1 | |
9 total
» build order
00:05 Crypt
00:09 Ziggurat
00:33 Altar of Darkness
01:07 Ziggurat
01:56 Ziggurat
02:22 Tomb of Relics
03:32 Halls of the Dead
04:32 Ziggurat
05:59 Graveyard
Chat log
(00:19 / All) BEAR_AND: GL HF
(01:43 / All) BEAR_AND: from?
(02:05 / All) BEAR_AND: ??????????????
(03:38 / All) BEAR_AND: mega ownage